 Dungeon Crawl Stone Soup version 0.29.1-12-g30fa7ad0bf (webtiles) character file.

Game seed: 5309724681140060456

478 croobank the Conjurer (level 6, -4/46 HPs)
             Began as a Demonspawn Conjurer on Dec 28, 2022.
             Was a Believer of Dithmenos.
             Slain by Duvessa
             ... wielding a +0 short sword
              (16 damage)
             ... on level 4 of the Dungeon.
             The game lasted 00:11:19 (4511 turns).

croobank the Conjurer (Demonspawn Conjurer)         Turns: 4511, Time: 00:11:19

Health: -4/46      AC:  4    Str:  7    XL:     6   Next: 86%
Magic:  2/10       EV: 12    Int: 22    God:    Dithmenos [**....]
Gold:   131        SH:  0    Dex: 11    Spells: 6/11 levels left

rFire   . . .      SeeInvis .   g - +0 dagger (freeze)
rCold   . . .      Faith    .   (no shield)
rNeg    . . .      Spirit   .   a - +0 robe
rPois   .          Reflect  .   (no helmet)
rElec   .          Harm     .   c - scarf {+Inv}
rCorr   .          Rampage  .   (no gloves)
Will    .....                   (no boots)
Stlth   +++.......              k - amulet of magic regeneration
HPRegen 0.15/turn               (no ring)
MPRegen 0.52/turn               (no ring)

@: wreathed by umbra
A: spiny 1, sharp scales 2, demonic touch 1
a: Renounce Religion, Evoke Invisibility, Shadow Step


You were on level 4 of the Dungeon.
You worshipped Dithmenos.
Dithmenos was pleased with you.
You visited 1 branch of the dungeon, and saw 4 of its levels.

You collected 131 gold pieces.

Inventory:

Hand Weapons
 f - a +0 hand axe
 g - a +0 dagger of freezing (weapon)
 j - a +0 mace
 r - a +0 war axe
Missiles
 b - 2 atropa-tipped darts
Armour
 a - a +0 robe (worn)
 c - a scarf of invisibility (worn)
Jewellery
 i - an amulet of the acrobat
 k - an amulet of magic regeneration (around neck)
 o - a ring of protection from fire
 q - a ring of protection from cold
Wands
 p - a wand of digging (7)
Scrolls
 h - a scroll of butterflies
 l - a scroll of enchant armour {unknown}
 n - a scroll of summoning {unknown}
 t - a scroll of immolation
Potions
 d - 2 potions of degeneration {unknown}
 e - a potion of flight {unknown}
 m - 2 potions of haste
 s - a potion of curing {unknown}


   Skills:
 + Level 2.7 Fighting
 + Level 2.0 Short Blades
 + Level 3.0 Dodging
 + Level 3.2 Stealth
 + Level 3.1 Spellcasting
 + Level 4.9 Conjurations
 + Level 2.6 Invocations


You had 6 spell levels left.
You knew the following spells:

 Your Spells              Type           Power      Damage    Failure   Level
a - Magic Dart            Conj           100%       1d8       1%          1
b - Searing Ray           Conj           50%        2d6       2%          2
c - Blink                 Tloc           6%         N/A       19%         2

Your spell library contained the following spells:

 Spells                   Type           Power      Damage    Failure   Level
 Dazzling Flash           Conj/Hex       28%        N/A       14%         3
 Fulminant Prism          Conj/Hex       7%         3d7       41%         4
 Iskenderun's Mystic Bla  Conj/Tloc      14%        2d5       41%         4
 Manifold Assault         Tloc           3%         N/A       98%         5
 Storm Form               Tmut/Air       1%         N/A       100%        7


Dungeon Overview and Level Annotations

Branches:
Dungeon (4/15)
 Temple: D:4-7

Altars:
Dithmenos
Gozag

Shops:
D:4 (

Annotations:
D:4 Duvessa


Innate Abilities, Weirdness & Mutations

You are partially covered in sharp spines.
You are mostly covered in razor-sharp scales. (AC +2, Slay +2)
Your touch may inflict minor irresistible damage on your foes.


Message History

Duvessa goes berserk!
Duvessa is struck by your spines. Duvessa hits you with a +0 short sword!
Duvessa closely misses you.
Your Short Blades skill increases to level 2!
Your Dodging skill increases to level 3!
Duvessa hits you with a +0 short sword!
Casting: Searing Ray (safe; 2% risk of failure)
Confirm with . or Enter, or press ? or * to list all spells.
Restarting spell: Searing Ray (safe; 2% risk of failure)
Press: ? - help, Shift-Dir - straight line, f - Duvessa
Aim: Duvessa, wielding a +0 short sword and wearing a +0 ring mail (lightly wounded, berserk, umbra, 85% to hit)
The searing ray hits Duvessa!
Duvessa is moderately wounded. (Press . to maintain the ray.) Duvessa hits you with a +0 short sword.
Duvessa barely misses you.
The searing ray hits Duvessa but does no damage.
Duvessa is moderately wounded.
Duvessa closely misses you.
The searing ray hits Duvessa.
Duvessa is moderately wounded.
Duvessa hits you with a +0 short sword. Duvessa is struck by your spines.
Duvessa closely misses you.
The searing ray hits Duvessa!
Duvessa is heavily wounded.
You finish channelling your searing ray.
Duvessa hits you with a +0 short sword.
Casting: Searing Ray (safe; 2% risk of failure)
Confirm with . or Enter, or press ? or * to list all spells.
Aiming: Searing Ray (safe; 2% risk of failure)
Press: ? - help, Shift-Dir - straight line, f/p - Duvessa
Aim: Duvessa, wielding a +0 short sword and wearing a +0 ring mail (heavily wounded, berserk, umbra, 85% to hit)
The searing ray hits Duvessa.
Duvessa is heavily wounded. (Press . to maintain the ray.) Duvessa is struck by your spines.
Duvessa closely misses you. Duvessa hits you with a +0 short sword!
* * * LOW HITPOINT WARNING * * *
The searing ray hits Duvessa!
Duvessa is severely wounded.
Duvessa hits you with a +0 short sword!
You die...

........'.........'.......#
##....#.#<........####...##
#..#.#<##.......## #..##
#......###.....## ##.#
####.### ##...## #.# #.#
##+## #.# #.# #.# #.#
#.#########.# #..e@.....#.#
#...##..)....# #...
#.###.### .... #.# #.# .##
#.# #.# #.# #.# ..# #.# ###
#.# ..#


You could see Duvessa (berserk).

Vanquished Creatures
  A sky beast (D:3)
  An ogre (D:4)
  Dowan (D:4)
  3 hounds
  An iguana (D:4)
  5 adders
  A white imp (D:4)
  An adder zombie (D:2)
  An adder skeleton (D:2)
  2 worms
  A dart slug (D:4)
  5 orcs (D:3)
  2 bat skeletons (D:2)
  A bat zombie (D:2)
  8 endoplasms
  6 giant cockroaches
  5 goblins
  4 hobgoblins
  2 quokkas (D:3)
  7 ball pythons
  3 ball python skeletons (D:2)
  3 ball python zombies (D:2)
  7 bats
  5 frilled lizards
  2 jackal skeletons (D:2)
  4 kobolds
  2 rats
84 creatures vanquished.

Notes
Turn   | Place    | Note
-------+----------+-------------------------------------------
     0 | D:1      | croobank the Demonspawn Conjurer began the quest for the
                  | Orb.
     0 | D:1      | Reached XP level 1. HP: 13/13 MP: 3/3
     5 | D:1      | You fall into a shaft and drop 1 floor!
   309 | D:1      | Gained mutation: You are partially covered in sharp spines.
                  | [demonic ancestry]
   309 | D:1      | Reached XP level 2. HP: 16/19 MP: 0/5
   431 | D:1      | Learned a level 2 spell: Searing Ray
  1201 | D:2      | Found a faded altar of an unknown god.
  1211 | D:2      | Prayed at the altar of an unknown god.
  1211 | D:2      | Became a worshipper of Dithmenos the Shadowed
  1211 | D:2      | Reached * piety under Dithmenos
  1400 | D:2      | Gained mutation: You are partially covered in razor-sharp
                  | scales. (AC +1, Slay +1) [demonic ancestry]
  1400 | D:2      | Reached XP level 3. HP: 24/24 MP: 0/6
  1403 | D:2      | Learned a level 2 spell: Blink
  1819 | D:2      | Reached skill level 1 in Fighting
  1885 | D:2      | Gained mutation: Your touch may inflict minor irresistible
                  | damage on your foes. [demonic ancestry]
  1885 | D:2      | Reached XP level 4. HP: 32/32 MP: 7/7
  2691 | D:3      | Noticed a sky beast
  2705 | D:3      | Killed a sky beast
  2706 | D:3      | Reached skill level 1 in Short Blades
  2706 | D:3      | Reached skill level 1 in Invocations
  2706 | D:3      | Reached XP level 5. HP: 28/38 MP: 1/8
  2799 | D:3      | Reached ** piety under Dithmenos
  3721 | D:3      | Found an opulent altar of Gozag.
  3784 | D:4      | Found Yhoubrof's Weapon Boutique.
  3845 | D:4      | Gained mutation: You are mostly covered in razor-sharp
                  | scales. (AC +2, Slay +2) [demonic ancestry]
  3845 | D:4      | Reached XP level 6. HP: 45/45 MP: 6/10
  4499 | D:4      | Noticed Dowan
  4500 | D:4      | Noticed Duvessa
  4504 | D:4      | Killed Dowan
  4511 | D:4      | Slain by Duvessa

Illustrated notes

Levels and vault maps discovered:
D:1:      reono_arrival_mine, layout_loops_ring
D:2:      layout_basic, nicolae_ecumenical_oubliette, serial_undead,
          serial_undead_d, serial_undead_a, serial_undead_b, serial_undead_c,
          serial_undead_d, serial_undead_f
D:3:      layout_basic, mainiacjoe_overflow_alcove_1, solitary_fountain
D:4:      layout_loops_corners, serial_shops, nicolae_shop_hallway_stairs,
          uniq_duvessa

Skill      XL: |  1  2  3  4  5  6 |
---------------+-------------------+-----
Stealth        | 2 3 |  3.2
Dodging        | 2 3 |  3.0
Fighting       | 1 2 |  2.7
Short Blades   | 1 2 |  2.0
Invocations    | 1 2 |  2.6
Spellcasting   | 3 |  3.1
Conjurations   | |  4.9

Action                   |  1- 3 |  4- 6 || total
-------------------------+-------+-------++-------
Melee: Unarmed           |    14 |       ||    14
       Dagger            |    11 |    22 ||    33
       Touch             |       |     3 ||     3
 Cast: Magic Dart        |    48 |    32 ||    80
       Searing Ray       |    11 |    29 ||    40
Invok: Shadow Step       |       |     1 ||     1
  Use: Potion            |     1 |       ||     1
       Scroll            |       |     8 ||     8
 Stab: Sleeping          |     2 |     6 ||     8
Armor: Robe              |     9 |     1 ||    10
Dodge: Dodged            |    27 |    22 ||    49
